 Dungeon Crawl Stone Soup version 0.20-a0-640-g62ed22f (webtiles) character file.

522 slumpy the Shield-Bearer (level 7, -1/54 HPs)
             Began as a Formicid Fighter on Feb 12, 2017.
             Was an Initiate of Okawaru.
             Slain by a two-headed ogre
             ... wielding a +0 giant club
              (14 damage)
             ... on level 3 of the Dungeon.
             The game lasted 00:22:18 (5518 turns).

slumpy the Shield-Bearer (Formicid Fighter)         Turns: 5518, Time: 00:22:19

Health: -1/54      AC: 19    Str: 23    XL:     7   Next: 46%
Magic:  7/7        EV:  9    Int:  8    God:    Okawaru [......]
Gold:   179        SH: 16    Dex: 12    Spells: 6/6 levels left

rFire    + . .     SeeInvis +   h - +6 falchion (protect)
rCold    . . .     Gourm    .   s - +3 ring mail
rNeg     + . .     Faith    .   q - +0 large shield
rPois    .         Spirit   .   (helmet unavailable)
rElec    .         Reflect  .   (no cloak)
rCorr    .         Harm     .   z - +2 pair of gloves {Str+3}
MR       .....                  (no boots)
Stlth    +.........             (no amulet)
Regen    0.2/turn               y - ring of positive energy
MPRegen  0.1/turn               p - ring of protection from fire

@: protection aura
A: permanent stasis, dig shafts and tunnels, four strong arms, antennae 3
a: Dig, Shaft Self, Renounce Religion


You were on level 3 of the Dungeon.
You worshipped Okawaru.
Okawaru was noncommittal.
You were very hungry.

You visited 2 branches of the dungeon, and saw 7 of its levels.

You collected 179 gold pieces.

Inventory:

Hand Weapons
 a - a +0 war axe
 d - a +1 dagger of venom
 h - a +6 falchion of protection (weapon)
 x - a +0 spear
 A - a +2 whip of freezing
Missiles
 j - 3 tomahawks (quivered)
Armour
 b - a +0 scale mail
 c - a +0 shield
 q - a +0 large shield (worn)
 s - a +3 ring mail (worn)
 z - a +2 pair of gloves of strength (worn)
Jewellery
 p - a ring of protection from fire (left hand)
 y - a ring of positive energy (right hand)
Wands
 u - a wand of random effects (32/48)
Scrolls
 m - a scroll of magic mapping
 w - a scroll of fog
Potions
 e - a potion of flight
 n - 2 potions of magic
Comestibles
 f - 3 bread rations
 g - 2 meat rations
 i - a royal jelly
 k - 4 fruits


   Skills:
 + Level 4.2 Fighting
 * Level 1.7 Long Blades
 + Level 2.8 Axes
 + Level 0.4 Throwing
 + Level 4.2 Armour
 + Level 2.2 Dodging
 * Level 2.3 Stealth
 + Level 6.3 Shields
 + Level 0.7 Evocations


You had 6 spell levels left.
You didn't know any spells.

Dungeon Overview and Level Annotations

Branches:
Dungeon (6/15)             Temple (1/1) D:6

Altars:
Cheibriados
Dithmenos
Fedhas
Gozag
Nemelex Xobeh
Okawaru
Ru
Uskayaw
Vehumet
Yredelemnul
Lugonu

Annotations:
D:3 krabocopter's ghost, amateur FoFi
D:4 Edmund


Innate Abilities, Weirdness & Mutations

You cannot be hasted, slowed, berserked, paralysed or teleported.
You can dig through walls and to a lower floor.
Your four strong arms can wield two-handed weapons with a shield.
You have a pair of large antennae on your head. (SInv)


Message History

You block the two-headed ogre's attack.
You slash the two-headed ogre!
The two-headed ogre is heavily wounded.
You block the two-headed ogre's attack. x2
You slash the two-headed ogre!
The two-headed ogre is heavily wounded.
The two-headed ogre hits you with a giant club!
* * * LOW HITPOINT WARNING * * *
You block the two-headed ogre's attack.
You slash the two-headed ogre!
The two-headed ogre is severely wounded.
The two-headed ogre barely misses you.
You riposte.
You slash the two-headed ogre!
The two-headed ogre is almost dead.
The two-headed ogre closely misses you.
You slash the two-headed ogre!
The two-headed ogre is almost dead.
You block the two-headed ogre's attack.
The two-headed ogre hits you with a giant spiked club!
You die...

..##.###.#...#.######....###.##.#
..##.# ####'#### #.#### #.....
..##.# ###...# #.# #.##.# #.##.#
#.##_## ##'## #..>). #.##.#
#..#### ##...## #.##.# #.##.#
#†.##.# ##.....## #.##.# .....#
#.##..# ##.......###.##.#
#.######.#...####.........##.....
................@O........'......
#.######.#...####.........##.....
#.# #.##.## ##.......###..... #.#
#.#### ##.....## #..... ..# #.#
##>..## #..... ### #.#
########'#########.# # #.#
#.............# #.# # #.#
#........####.####.# #
#.#####....<.........(...#


You could see a two-headed ogre.

Vanquished Creatures
  An ice beast (D:5)
  An ogre (D:5)
  A crimson imp (D:4)
  An iguana (D:5)
  An orc wizard (D:5)
  Terence (D:2)
  A worker ant zombie (D:5)
  A howler monkey skeleton (D:4)
  5 adders
  7 gnolls
  2 oozes (D:3)
  2 worms (D:2)
  2 dart slugs (D:1)
  2 leopard geckos
  6 orcs
  5 bats
  A giant cockroach (D:3)
  8 goblins
  4 hobgoblins
  8 jackals
  5 kobolds
  2 quokkas
  5 frilled lizards
  A leopard gecko skeleton (D:5)
  7 rats
80 creatures vanquished.

Notes
Turn   | Place    | Note
-------+----------+-------------------------------------------
     0 | D:1      | slumpy the Formicid Fighter began the quest for the Orb.
     0 | D:1      | Reached XP level 1. HP: 18/18 MP: 1/1
    66 | D:1      | Reached XP level 2. HP: 24/24 MP: 2/2
   325 | D:1      | Reached XP level 3. HP: 29/29 MP: 3/3
   743 | D:2      | Noticed Terence
   755 | D:2      | Killed Terence
   755 | D:2      | Reached skill level 1 in Dodging
   755 | D:2      | Reached skill level 4 in Shields
   755 | D:2      | Reached XP level 4. HP: 29/37 MP: 4/4
   849 | D:2      | Found a sacrificial altar of Ru.
  1579 | D:3      | Reached XP level 5. HP: 40/42 MP: 5/5
  1719 | D:3      | Found a sparkling altar of Nemelex Xobeh.
  1722 | D:3      | Found a basalt altar of Yredelemnul.
  1725 | D:3      | Found a snail-covered altar of Cheibriados.
  1781 | D:3      | Noticed krabocopter's ghost (amateur FoFi)
  3315 | D:3      | HP: 1/42 [gnoll/spear (5)]
  3622 | D:3      | Reached XP level 6. HP: 17/48 MP: 6/6
  3845 | D:4      | Reached skill level 5 in Shields
  3982 | D:5      | Entered Level 5 of the Dungeon
  3984 | D:5      | Noticed an ogre
  4014 | D:5      | Identified a scroll of acquirement
  4194 | D:6      | Found a staircase to the Ecumenical Temple.
  4222 | Temple   | Entered the Ecumenical Temple
  4242 | Temple   | Became a worshipper of Warmaster Okawaru
  4310 | D:5      | Noticed an ice beast
  4347 | D:4      | Noticed Edmund
  4512 | D:5      | Killed an ice beast
  4512 | D:5      | Reached skill level 1 in Long Blades
  4512 | D:5      | Reached skill level 1 in Stealth
  4842 | D:5      | Reached XP level 7. HP: 53/54 MP: 7/7
  4912 | D:5      | HP: 1/54 [ogre/giant spiked club (20)]
  4918 | D:5      | Reached skill level 6 in Shields
  5498 | D:4      | Noticed a two-headed ogre
  5518 | D:3      | Slain by a two-headed ogre

Vault maps used:
D:1:      dpeg_arrival_short_road
D:2:      overflow_temple_1_default, first_bread, uniq_terence
D:3:      grunt_temple_overflow_diamond
D:4:      uniq_edmund, uniq_duvessa
D:5:      kennysheep_mini_moat, basic_altar
D:6:      kennysheep_mini, elyvilon_altar_4, temple_doors_e, st_stairs_12
Temple:   kb_corrupted_temple

Skill      XL: |  1  2  3  4  5  6  7 |
---------------+----------------------+-----
Dodging        | 1 2 |  2.2
Shields        | 4 5 6 |  6.3
Fighting       | 4 |  4.2
Long Blades    | 1 |  1.7
Armour         | 4 |  4.2
Stealth        | 1 2 |  2.3
Axes           | |  2.8
Throwing       | |  0.4
Evocations     | |  0.7

Action                   |  1- 3 |  4- 6 |  7- 9 || total
-------------------------+-------+-------+-------++-------
Melee: War axe           |    52 |     4 |       ||    56
       Falchion          |       |    49 |    37 ||    86
       Dagger            |       |   509 |    27 ||   536
Throw: Tomahawk          |    10 |       |       ||    10
Evoke: Wand              |       |     1 |     6 ||     7
  Use: Scroll            |       |    13 |     2 ||    15
       Potion            |       |     8 |     2 ||    10
  Eat: Chunk             |       |    13 |       ||    13
       Royal jelly       |       |       |     1 ||     1
Armor: Scale mail        |    12 |    12 |       ||    24
       Ring mail         |       |   131 |    17 ||   148
Dodge: Dodged            |    12 |    94 |    16 ||   122
Block: Shield            |    25 |     9 |       ||    34
       Large shield      |       |   399 |    55 ||   454
       Rpst.: Falchion   |       |       |     5 ||     5
